Map: Efflorescence LE

Players

qqq

  • Race: Protoss Protoss
  • Spawn Location: 9:00

Massa

  • Race: Terran Terran
  • Spawn Location: 6:00

Kerrigan - Winner!

  • Race: Protoss Protoss
  • Spawn Location: 3:00

Zeratul - Winner!

  • Race: Terran Terran
  • League: Silver
  • Spawn Location: 12:00

VOD

Have the link to the VOD?

Description

Time

  • Played on: Oct. 1, 2020, 4:58 p.m.
  • Length: 2:30
Show
View Real Time Build Order
Export as new Build Order

qqq Protoss 

Build Orders:  

Get SALT Encoding   

  12  0:01  Probe  
  13  0:13  Probe  
  14  0:25  Probe  
  15  0:35  Pylon  
  15  0:53  Probe  
  16  0:57  Forge  
  16  1:05  Probe  
  17  1:17  Probe  
  18  1:28  Pylon  
  18  1:29  Pylon, Probe  
  18  1:30  Pylon  
  18  1:32  Pylon  
  19  1:42  Probe  
  19  1:46  Photon Cannon  
  20  1:54  Probe  
  21  2:06  Probe  
  22  2:12  Gateway  
Show
View Real Time Build Order
Export as new Build Order

Massa Terran 

Build Orders:  

Get SALT Encoding   

  12  0:02  SCV  
  13  0:14  SCV  
  13  0:18  Supply Depot  
  14  0:26  SCV  
  15  0:40  SCV  
  15  0:42  Barracks  
  16  0:52  Refinery, SCV  
  17  1:00  Refinery  
  17  1:04  SCV  
  18  1:16  SCV  
  19  1:28  SCV  
  19  1:30  Supply Depot  
  19  1:31  Reaper  
  21  1:41  Orbital Command  
  21  1:47  Barracks  
  21  1:58  Factory  
  21  2:07  Marine  
  22  2:12  SCV  
Show
View Real Time Build Order
Export as new Build Order

Kerrigan Protoss - Winner!

Build Orders:  

Get SALT Encoding   

  12  0:01  Probe (Chrono Boost)  
  13  0:11  Probe (Chrono Boost)  
  14  0:16  Probe (Chrono Boost)  
  15  0:23  Pylon  
  15  0:41  Probe  
  16  0:44  Gateway  
  16  0:51  Assimilator  
  16  0:53  Probe  
  17  0:57  Assimilator  
  17  1:05  Probe  
  17  1:09  Gateway  
  18  1:18  Gateway  
  18  1:23  Probe (Chrono Boost)  
  19  1:35  Zealot  
  21  1:54  Probe  
  22  2:06  Probe  
Show
View Real Time Build Order
Export as new Build Order

Zeratul Terran - Winner!

Build Orders:  

Get SALT Encoding   

  12  0:01  SCV  
  13  0:13  SCV  
  14  0:19  Supply Depot  
  14  0:28  Supply Depot  
  14  0:31  SCV  
  15  0:45  Barracks  
  15  0:50  SCV  
  16  1:01  Barracks  
  16  1:04  SCV  
  17  1:17  Barracks  
  17  1:20  SCV  
  18  1:28  Refinery  
  18  1:37  Marine  
  19  1:47  Supply Depot  
  19  1:51  Marine  
  20  1:55  Marine  
  21  2:09  Marine  
Tags
 
Add a new tag
Caveats
  • Supply blocks, unpowered buildings, or Contaminate may cause inaccurate times.
  • Supply counts are checked every 10 seconds.